AoeStats
← Degausser

Four Lakes

509913886Analyzed
1v1 RM · 5d ago on Sep 28, 2026· 34m 15s· 2 players
Game mode
Random Map
Map size
Tiny (2 player)
Population
200
Speed
Normal
Resources
Standard
Victory
Conquest
Starting age
Dark Age
Ending age
Imperial Age
RankedLock teamsTeams togetherTeam positionsShared explorationLock speedFull tech treeHidden civsTurbo modeCheats
Victory
Defeat
🇹🇷 Mongols · Türkiye
1026
+15
🇵🇱 Ethiopians · Poland
1006
-35
Degausser
8:26 Loom
10:39 Feudal Age
11:13 Double-Bit Axe
11:11 Horse Collar
14:39 Fletching
21:04 Castle Age
21:05 Crossbowman
21:42 Bodkin Arrow
24:50 Thumb Ring
25:36 Bow Saw
25:28 Heavy Plow
27:06 Forging
27:02 Scale Barding Armor
28:08 Gold Mining
33:45 Iron Casting
33:32 Chain Barding Armor
32:35 Light Cavalry
36:29 Imperial Age
SperM
10:10 Feudal Age
11:25 Loom
16:26 Castle Age
14:24 Double-Bit Axe
14:40 Horse Collar
15:34 Gold Mining
15:38 Fletching
15:43 Fishing Lines
18:46 Pikeman
19:38 Scale Barding Armor
19:34 Scale Mail Armor
19:44 Forging
20:36 Wheelbarrow
20:41 Stone Mining
21:35 Bodkin Arrow
23:33 Iron Casting
25:39 Padded Archer Armor
27:28 Hand Cart
28:01 Bow Saw
29:27 Heavy Plow
30:37 Leather Archer Armor
34:57 Imperial Age
34:08 Ballistics
Connection lost

Rejoining the realm…

Still unreachable

The connection could not be restored.

Session expired

The server has moved on; the page needs a fresh start.